 Dungeon Crawl Stone Soup version 0.32-a0-571-gec57dfcd37 (webtiles) character file.

Game seed: 4563581700218176803

120 BeKind the Slasher (level 4, -5/61 HPs)
             Began as a Minotaur Berserker on Feb 29, 2024.
             Was a Believer of Trog.
             Killed by nerve-wracking pain
             ... invoked by an orc priest
              (10 damage)
             ... on level 3 of the Dungeon.
             The game lasted 00:01:35 (1620 turns).

BeKind the Slasher (Minotaur Berserker)             Turns: 1620, Time: 00:01:36

Health: -5/61      AC:  2    Str: 23    XL:     4   Next: 75%
Magic:  3/3        EV: 12    Int:  4    God:    Trog [**....]
Gold:   148        SH:  0    Dex: 10    Spells: 3/3 levels left

rFire   + . .        m - +1 dagger (elec)
rCold   . . .        (no shield)
rNeg    . . .        b - +0 animal skin
rPois   .            (helmet restricted)
rElec   .            (no cloak)
rCorr   .            (no gloves)
SInv    .            (no boots)
Will    .....        (no amulet) Stlth
                     e - ring of protection from fire
HPRegen 0.30/turn    (no ring)
MPRegen 0.08/turn

%: no passive effects
@: berserking (expiring), very quick
A: horns 2, retaliatory headbutt
a: Renounce Religion, Berserk, Trog's Hand


You were on level 3 of the Dungeon.
You worshipped Trog.
Trog was pleased with you.
You visited 1 branch of the dungeon, and saw 3 of its levels.

You collected 148 gold pieces.

Inventory:

Hand Weapons
 a - a +0 falchion
 m - a +1 dagger of electrocution (weapon)
Armour
 b - a +0 animal skin (worn)
Jewellery
 e - a ring of protection from fire (left hand)
Scrolls
 d - a scroll of enchant armour {unknown}
 f - 2 scrolls of identify {unknown}
 h - a scroll of poison {unknown}
 i - a scroll of enchant weapon {unknown}
 j - a scroll of silence {unknown}
 o - a scroll of amnesia {unknown}
Potions
 c - a potion of mutation {unknown}
 g - a potion of cancellation {unknown}
 k - a potion of haste {unknown}
 l - a potion of curing {unknown}
 n - 2 potions of enlightenment {unknown}


   Skills:
 + Level 4.5 Fighting
 + Level 4.5 Long Blades
 + Level 3.6 Armour
 + Level 3.3 Dodging


You had 3 spell levels left.
You didn't know any spells.
Your spell library was empty.

Dungeon Overview and Level Annotations

Branches:
Dungeon (3/15)

Altars:

Annotations:
D:3 Ijyb


Innate Abilities, Weirdness & Mutations

You have a pair of horns on your head.
You reflexively headbutt those who attack you in melee.


Message History

You barely miss the orc priest. Your headbutt misses the orc priest.
You hit the orc priest.
The orc priest is moderately wounded.
The orc priest hits you with a +0 short sword.
The orc priest looks encouraged for a moment.
You barely miss the orc priest.
The orc priest is moderately wounded.
The orc priest hits you with a +0 short sword.
You barely miss the orc priest.
The orc priest is moderately wounded.
The orc priest mumbles some strange prayers to Beogh against you.
Beogh smites you!
* * * LOW HITPOINT WARNING * * *
You puncture the orc priest!
The orc priest is almost dead.
The orc priest hits you but does no damage.
You closely miss the orc priest. Your headbutt misses the orc priest.
The orc priest is almost dead.
The orc priest calls down the wrath of Beogh upon you.
Beogh smites you!
* * * LOW HITPOINT WARNING * * *
You hit the orc priest.
You kill the orc priest!
Trog accepts your kill.
You puncture the orc! Lightning courses through the orc!
You kill the orc!
Trog accepts your kill.
You hit the hobgoblin.
The hobgoblin is almost dead.
You barely miss the hobgoblin.
The hobgoblin is almost dead.
The hobgoblin hits you.
* * * LOW HITPOINT WARNING * * *
The orc priest looks encouraged for a moment.
You hit the hobgoblin.
You kill the hobgoblin!
Trog accepts your kill.
The orc priest mumbles some strange prayers to Beogh against you.
Pain shoots through your body!
You die...

#......# #......####
##########.........#
#.......##.........#
#.......##........[#####
#.......##.............#
#.......##...............
#.......##g.........##...
#.......@)oo.........(...
#.......##o..............
#.......###...###.####...
#.......# #....##.#.....)
####.#..# #.#.....r.#
#.##.........##.o#
#.#######..#....og# #.#.#
#...........# #.#.#
#.####.....g..


You could see Ijyb and 3 orc priests.

Vanquished Creatures
  An orc priest (D:3)
  4 adders
  A dart slug (D:2)
  A ribbon worm (D:3)
  An orc (D:3)
  3 ball pythons
  9 endoplasms
  2 giant cockroaches
  4 goblins (D:1)
  2 hobgoblins
  3 jackals (D:2)
  2 quokkas
  5 bats
  4 frilled lizards
  6 kobolds
  4 rats
52 creatures vanquished.

Notes
Turn   | Place    | Note
-------+----------+-------------------------------------------
     0 | D:1      | BeKind the Minotaur Berserker began the quest for the Orb.
     0 | D:1      | Reached XP level 1. HP: 19/19 MP: 0/0
   132 | D:1      | Reached XP level 2. HP: 27/27 MP: 1/1
   720 | D:2      | Reached XP level 3. HP: 31/33 MP: 2/2
   735 | D:2      | Reached ** piety under Trog
  1324 | D:3      | Reached XP level 4. HP: 40/41 MP: 3/3
  1592 | D:3      | Noticed Ijyb
  1620 | D:3      | Killed from afar by an orc priest

Illustrated notes

Levels and vault maps discovered:
D:1:      dpeg_arrival_simpleton_c, layout_loops_ring
D:2:      layout_basic, nicolae_elevator_lobby_plus
D:3:      layout_rooms, serial_shops, nicolae_shop_real_fake_doors, uniq_ijyb,
          uniq_grinder, uniq_crazy_yiuf_cottage

Skill      XL: |  1  2  3 |
---------------+----------+-----
Fighting       | 4 |  4.5
Long Blades    | 4 |  4.5
Armour         | 3 |  3.6
Dodging        | 3 |  3.3

Action                     |  1- 3 |  4- 6 || total
---------------------------+-------+-------++-------
  Melee: Falchion          |    81 |       ||    81
         Headbutt          |    15 |     1 ||    16
         Dagger            |    12 |    18 ||    30
 Invoke: Berserk           |     1 |     2 ||     3
 Armour: Animal skin       |    45 |     5 ||    50
  Dodge: Dodged            |    52 |     2 ||    54

Table legend: (Time is in decaauts)
 A = Elapsed time spent in this place.
 B = Non-inter-level travel time spent in this place.
 C = Inter-level travel time spent in this place.
 D = Time resting spent in this place.
 E = Time spent auto-exploring this place.
 F = Levels seen in this place.
 G = Mean time per level.
                   A        B        C        D        E       F      G
               +--------+--------+--------+--------+--------+-----+--------+
         Total |   1638 |   1618 |     20 |    188 |   1158 |   3 |  546.0 |
       Dungeon |   1638 |   1618 |     20 |    188 |   1158 |   3 |  546.0 |
               +--------+--------+--------+--------+--------+-----+--------+

Top non-repeatable levels by time:
     D:1: 705 daAuts
     D:2: 599 daAuts
     D:3: 334 daAuts
